[Event "SixDays Budapest IM-A 10-2024"]
[Site "Budapest"]
[Date "2024.09.30"]
[Round "1.1"]
[White "Valkova, Angelika"]
[Black "Chubakov, Sultan"]
[Result "1/2-1/2"]
[ECO "D27"]
[WhiteElo "2068"]
[BlackElo "2265"]
[Annotator "RC"]
[PlyCount "160"]
[EventDate "2024.09.24"]
[EventType "tourn"]
[EventCountry "HUN"]
[SourceTitle "playchess.com"]
[Source "ChessBase"]
[SourceQuality "1"]
[TimeControl "5400+30"]

1. d4 d5 2. c4 dxc4 3. Nf3 Nf6 4. e3 e6 5. Bxc4 c5 6. O-O a6 7. dxc5 Bxc5 8. Qxd8+ Kxd8 9. Nbd2 Ke7 10. Nb3 Bd6 11. Rd1 b6 12. Ng5 Rd8 13. Bd2 h6 14. Nf3 Ne4 15. Be1 Bb7 16. Nfd4 g6 17. f3 Nf6 18. e4 Nbd7 19. Rac1 e5 20. Nc2 a5 21. a4 Nc5 22. Nxc5 Bxc5+ 23. Bf2 Bxf2+ 24. Kxf2 Nd7 25. Ne3 Nc5 26. b3 Rac8 27. Rxd8 Rxd8 28. Ke2 h5 29. h4 Rc8 30. Nd5+ Bxd5 31. Bxd5 f5 32. exf5 gxf5 33. g4 Rd8 34. Bc4 fxg4 35. fxg4 hxg4 36. Rf1 Rh8 37. Rf7+ Kd8 38. Rf5 Rxh4 39. Rxe5 Rh2+ 40. Ke1 Rh3 41. Rg5 Re3+ 42. Kf2 Rf3+ 43. Ke2 Rf4 44. Rg6 Nxa4 45. Ke3 Rf3+ 46. Kd4 Nb2 47. Rxg4 Nxc4 48. Kxc4 Kc7 49. Rg7+ Kc6 50. Rg6+ Kb7 51. Rg7+ Ka6 52. Rg6 Re3 53. Rh6 Re1 54. Kc3 Rc1+ 55. Kb2 Rc5 56. Rg6 Kb5 57. Rg4 Rf5 58. Kc3 Kc5 59. Rc4+ Kd5 60. Rd4+ Kc6 61. Ra4 Rf3+ 62. Kb2 Kc5 63. Rc4+ Kd5 64. Rh4 Re3 65. Ra4 Re7 66. Ra1 Re2+ 67. Kc3 Kc5 68. Ra4 Re3+ 69. Kb2 b5 70. Rh4 Re2+ 71. Kb1 Rd2 72. Rg4 Re2 73. Rh4 Kd5 74. Rg4 b4 75. Rg5+ Kd4 76. Rxa5 Kc3 77. Rh5 Re1+ 78. Ka2 Re2+ 79. Kb1 Re1+ 80. Ka2 Re2+ 1/2-1/2

[Event "SixDays Budapest IM-A 10-2024"]
[Site "Budapest"]
[Date "2024.09.30"]
[Round "1.2"]
[White "Kustar, Sandor"]
[Black "Pavan Karthikeya Varma Gunturi"]
[Result "1/2-1/2"]
[ECO "A05"]
[WhiteElo "2252"]
[BlackElo "2056"]
[Annotator "RC"]
[PlyCount "40"]
[EventDate "2024.09.24"]
[EventType "tourn"]
[EventCountry "HUN"]
[SourceTitle "playchess.com"]
[Source "ChessBase"]
[SourceQuality "1"]
[TimeControl "5400+30"]

1. Nf3 Nf6 2. c4 e6 3. g3 b6 4. Bg2 Bb7 5. O-O Be7 6. d4 O-O 7. Re1 d5 8. cxd5 Bxd5 9. Nc3 Bb7 10. e4 c5 11. d5 exd5 12. exd5 Na6 13. Ne5 Bd6 14. Nc6 Qd7 15. Bg5 Qf5 16. Re5 Qg6 17. Bf4 Bxc6 18. dxc6 Bxe5 19. Bxe5 Rac8 20. Qa4 Nb4 1/2-1/2

[Event "SixDays Budapest IM-A 10-2024"]
[Site "Budapest"]
[Date "2024.09.30"]
[Round "1.3"]
[White "Polyik, Peter"]
[Black "Pribelszky, Bence Daniel"]
[Result "1-0"]
[ECO "A11"]
[WhiteElo "2304"]
[BlackElo "2408"]
[Annotator "RC"]
[PlyCount "95"]
[EventDate "2024.09.24"]
[EventType "tourn"]
[EventCountry "HUN"]
[SourceTitle "playchess.com"]
[Source "ChessBase"]
[SourceQuality "1"]
[TimeControl "5400+30"]

1. e4 a6 2. d4 c6 3. Nf3 d5 4. e5 Bg4 5. Be2 e6 6. O-O Ne7 7. Nbd2 c5 8. dxc5 Nec6 9. c4 Bxc5 10. cxd5 exd5 11. Nb3 Be7 12. Nfd4 Bxe2 13. Qxe2 O-O 14. Nf5 Qd7 15. Qg4 g6 16. Nxe7+ Nxe7 17. Qg3 Nf5 18. Qh3 Nc6 19. Re1 Qe7 20. Bf4 Nd8 21. g4 Ng7 22. Be3 Nde6 23. Rad1 Rad8 24. f4 h5 25. gxh5 Nf5 26. Re2 d4 27. Bd2 Neg7 28. Rg2 Qe6 29. Nc5 Qc6 30. Rc1 Nxh5 31. e6 Nhg7 32. Nd7 Qxe6 33. Nxf8 Rxf8 34. Qd3 Nh4 35. Re2 Qd5 36. Be1 Nf3+ 37. Kf2 Nxh2 38. Qh3 Qh1 39. Bd2 Ng4+ 40. Qxg4 Qh2+ 41. Kf3 Qh8 42. Bb4 Rd8 43. Be7 d3 44. Bxd8 dxe2 45. Bf6 Qh2 46. Qh4 e1=N+ 47. Rxe1 Qc2 48. Re8+ 1-0

[Event "SixDays Budapest IM-A 10-2024"]
[Site "Budapest"]
[Date "2024.09.30"]
[Round "1.4"]
[White "Kwon, Sehyun"]
[Black "Krishna C R G"]
[Result "1/2-1/2"]
[ECO "B00"]
[WhiteElo "2248"]
[BlackElo "2425"]
[Annotator "RC"]
[PlyCount "222"]
[EventDate "2024.09.24"]
[EventType "tourn"]
[EventCountry "HUN"]
[SourceTitle "playchess.com"]
[Source "ChessBase"]
[SourceQuality "1"]
[TimeControl "5400+30"]

1. e4 Nc6 2. Nf3 d6 3. d4 Nf6 4. Nc3 g6 5. Be3 Bg7 6. Qd2 O-O 7. d5 Nb8 8. Bh6 c6 9. O-O-O Bg4 10. Re1 Bxf3 11. gxf3 Nbd7 12. h4 Ne5 13. Be2 cxd5 14. exd5 Qa5 15. h5 Rfc8 16. Bxg7 Kxg7 17. hxg6 fxg6 18. f4 Nf7 19. Bd3 Rc7 20. Reg1 Kf8 21. a3 Rac8 22. Nb5 Rxc2+ 23. Bxc2 Qxb5 24. Kb1 Rc5 25. Re1 Qc4 26. Rh3 Qxd5 27. Qe3 e5 28. Bb3 Qc6 29. fxe5 Rxe5 30. Qd2 Ne4 31. Qf4 Nc3+ 32. Rxc3 Rxe1+ 33. Ka2 Qd7 34. Qf6 d5 35. Rc5 Re5 36. f4 Rf5 37. Qd4 b6 38. Rc3 Qd8 39. Rc6 Qd7 40. Ba4 Qb7 41. Qc3 d4 42. Qxd4 b5 43. Qc3 bxa4 44. Rc8+ Nd8 45. Qh8+ Kf7 46. Qxh7+ Ke6 47. Qg8+ Nf7 48. Qxg6+ Rf6 49. Qg4+ Ke7 50. Qe2+ Re6 51. Qc4 Qb3+ 52. Qxb3 axb3+ 53. Kxb3 Rb6+ 54. Ka4 Rxb2 55. Rc7+ Ke6 56. Rxa7 Nd6 57. Ra5 Rf2 58. Re5+ Kd7 59. Kb3 Rf3+ 60. Kc2 Rxf4 61. a4 Rxa4 62. Kd3 Nf7 63. Rb5 Ke6 64. Rh5 Ne5+ 65. Kc3 Kd5 66. Rg5 Re4 67. Rg3 Ng4 68. Rh3 Nf6 69. Rg3 Rc4+ 70. Kb3 Ne4 71. Rh3 Nc5+ 72. Kb2 Rb4+ 73. Kc2 Ne4 74. Rh8 Rc4+ 75. Kb2 Rc7 76. Kb3 Rb7+ 77. Kc2 Ra7 78. Kb2 Rg7 79. Kb3 Nc5+ 80. Kb4 Rb7+ 81. Kc3 Rb3+ 82. Kc2 Rg3 83. Kb2 Ne4 84. Rc8 Kd4 85. Rh8 Kc4 86. Rh2 Kb4 87. Kc2 Rc3+ 88. Kb1 Re3 89. Kc2 Kc4 90. Kb2 Rg3 91. Kc2 Rg4 92. Kb2 Nc5 93. Kc2 Nb3 94. Kb2 Nd4 95. Kc1 Rg3 96. Kb2 Kb4 97. Rf2 Rb3+ 98. Ka2 Kc3 99. Rh2 Rb4 100. Rh3+ Kd2 101. Rh2+ Ne2 102. Ka3 Rb8 103. Ka4 Kd3 104. Ka5 Nd4 105. Rh1 Nc6+ 106. Ka6 Nb4+ 107. Ka5 Nd5 108. Rd1+ Kc4 109. Rc1+ Nc3 110. Ka6 Kb4 111. Ka7 Rh8 1/2-1/2

[Event "SixDays Budapest IM-A 10-2024"]
[Site "Budapest"]
[Date "2024.09.30"]
[Round "1.5"]
[White "Zia, Tahsin Tajwar"]
[Black "Li, Xueyi"]
[Result "1/2-1/2"]
[ECO "D43"]
[WhiteElo "2255"]
[BlackElo "2187"]
[Annotator "RC"]
[PlyCount "103"]
[EventDate "2024.09.24"]
[EventType "tourn"]
[EventCountry "HUN"]
[SourceTitle "playchess.com"]
[Source "ChessBase"]
[SourceQuality "1"]
[TimeControl "5400+30"]

1. d4 d5 2. c4 c6 3. Nf3 Nf6 4. Nc3 e6 5. g3 dxc4 6. Bg2 Nbd7 7. O-O b5 8. e4 Be7 9. d5 b4 10. dxe6 fxe6 11. e5 bxc3 12. exf6 Bxf6 13. bxc3 O-O 14. Qc2 Qa5 15. Nd4 Ne5 16. Bf4 Bd7 17. Bxe5 Bxe5 18. Qe2 Bf6 19. Qxc4 Kh8 20. Rac1 Rac8 21. Nb3 Qb5 22. Qc5 e5 23. Qe3 Be6 24. Nc5 Bxa2 25. Ra1 Bd5 26. Bh3 Rcd8 27. Nd7 a5 28. Nxf8 Rxf8 29. Rfb1 Qa6 30. Bf1 Qa8 31. c4 Bg8 32. Qe4 a4 33. Rb4 a3 34. Rb3 Be7 35. Ra2 h6 36. Bd3 Bc5 37. Qxe5 Qa7 38. Kg2 Bd4 39. Qe1 Bc5 40. f3 Qf7 41. Qe4 Qf6 42. h4 Rd8 43. Rc2 Ra8 44. Qe2 Qd4 45. Kh3 a2 46. Rxa2 Rxa2 47. Qxa2 Be6+ 48. g4 Bxg4+ 49. Kg3 Bc8 50. Qa8 Qf2+ 51. Kf4 Qe3+ 52. Kg3 1/2-1/2

[Event "SixDays Budapest IM-A 10-2024"]
[Site "Budapest"]
[Date "2024.10.01"]
[Round "2.1"]
[White "Krishna C R G"]
[Black "Valkova, Angelika"]
[Result "1-0"]
[ECO "A06"]
[WhiteElo "2425"]
[BlackElo "2068"]
[Annotator "TA"]
[PlyCount "77"]
[EventDate "2024.09.24"]
[EventType "tourn"]
[EventCountry "HUN"]
[SourceTitle "playchess.com"]
[Source "ChessBase"]
[SourceQuality "1"]
[TimeControl "5400+30"]

1. Nf3 d5 2. e3 Nf6 3. c4 e6 4. b3 dxc4 5. Bxc4 c5 6. Bb2 b6 7. O-O Be7 8. Ne5 {[%emt 0:04:19] Threatens to win with Qf3. White is slightly better.} O-O 9. Qf3 {[%emt 0:00:02] Prevents Bb7.} Nd5 10. Nc3 Bb7 11. Qg3 {[%emt 0:00:07] Nxd5 is the strong threat.} (11. Qh3 $5) 11... Nf6 12. Rad1 Nc6 {[%emt 0:04:48] Repels d4} 13. Nf3 Qd6 14. Qh3 Ne5 15. Nxe5 Qxe5 16. Be2 Rad8 17. Ba1 Qg5 18. f4 Qf5 19. g4 Qg6 20. d3 Nd5 (20... h5 $15 21. g5 Ng4) 21. g5 $11 Nxc3 22. Bxc3 Qf5 (22... h6 $11 {keeps the balance.} 23. Bh5 Qf5 24. Qxf5 exf5) 23. Bg4 $1 $16 Qd5 (23... Qg6 $14) 24. e4 (24. Rf3 $142) 24... Qc6 25. Rf3 {[%emt 0:06:17] White is more active.} (25. f5 $16 Bxg5 26. fxe6 fxe6 27. Bxe6+ Kh8 28. Rf5 Be3+ 29. Kg2 Rxf5 (29... Qxe6 $2 30. Rxf8+ Rxf8 31. Qxe6 $18) 30. Bxf5) 25... c4 $1 $11 26. bxc4 Qc5+ 27. Rf2 b5 $1 28. Rb1 $40 {[%emt 0:10:17][%mdl 128] White attacks.} bxc4 29. d4 (29. Rxb7 Rxd3 30. Bb4 Qc6 $17) 29... Qc7 30. Re1 a5 (30... Bc8 $11) 31. Re3 $2 {[%emt 0:00:02] [#]} (31. f5 $16 Bc8 32. f6 (32. fxe6 fxe6 33. Bxe6+ Bxe6 $14)) 31... e5 {[%emt 0:01:46][%mdl 8192] A mistake that costs the game.} 32. fxe5 (32. dxe5 $2 {perishes.} Bc5 33. Kg2 Bxe3 34. Qxe3 Rd3 $19) (32. Bf5 $142 h6 (32... exf4 33. Qxh7#) (32... g6 $2 33. Qh6 $18) 33. d5 (33. gxh6 g6 $18) (33. fxe5 Bb4 $18) (33. dxe5 Bc5 $11)) 32... Bxg5 {[%emt 0:00:17] [#]} (32... Bc8 $142 33. Bxc8 Qxc8 34. Qxc8 (34. Bxa5 Rxd4 35. Kg2 Bxg5 $17) 34... Rxc8) 33. Bf5 $1 $18 h6 (33... g6 34. Rg3 Qe7) 34. Rg3 {[%emt 0:00:02][%cal Be3g3,Bg3g5,Bg5g6][%mdl 32] Strongly threatening Rxg5!} g6 {[%emt 0:00:58] [#]} 35. d5 $1 Qb6 {[%emt 0:02:03] [#]} (35... Bxd5 36. Rxg5) 36. e6 $1 {[%emt 0:00:56][%cal Og3g5] Rxg5! would kill now.} fxe6 {[%emt 0:04:05] [#]} (36... Qb1+ 37. Rf1) 37. Rxg5 $1 {[%emt 0:00:08][%mdl 512] White mates.} Rxf5 38. Rxg6+ Kf7 39. Qxf5+ {[%emt 0:00:31] Weighted Error Value: White=0.20 (precise) /Black=0.59.  Loses game:     	---       	Black=1      Mistake:       	White=4     	Black=6      Inaccurate:     	White=1     	---        OK:         	White=11    	Black=10     Best:        	White=2     	Black=2      Strong:       	White=2     	Black=2} (39. dxe6+ $142 Ke7 40. Qxf5 Rd1+ 41. Kg2 Rg1+ 42. Kxg1 Qb1+ 43. Rf1 Qb6+ 44. Kh1) 1-0

[Event "SixDays Budapest IM-A 10-2024"]
[Site "Budapest"]
[Date "2024.10.01"]
[Round "2.2"]
[White "Pavan Karthikeya Varma Gunturi"]
[Black "Li, Xueyi"]
[Result "0-1"]
[ECO "B11"]
[WhiteElo "2056"]
[BlackElo "2187"]
[Annotator "RC"]
[PlyCount "83"]
[EventDate "2024.09.24"]
[EventType "tourn"]
[EventCountry "HUN"]
[SourceTitle "playchess.com"]
[Source "ChessBase"]
[SourceQuality "1"]
[TimeControl "5400+30"]

1. e4 c6 2. Nf3 d5 3. Nc3 Bg4 4. h3 Bxf3 5. Qxf3 e6 6. Be2 Nf6 7. O-O Bc5 8. d3 Nbd7 9. Qg3 O-O 10. Bf3 Kh8 11. Qf4 Qb8 12. Qxb8 Raxb8 13. Bf4 Rbc8 14. Na4 Bd4 15. c3 Be5 16. Be3 dxe4 17. Bxe4 Bd6 18. c4 Be7 19. Nc3 Nc5 20. b4 Ncxe4 21. Nxe4 Nxe4 22. dxe4 Bxb4 23. Bxa7 c5 24. a3 Bc3 25. Rab1 Rc7 26. Bb6 Rc6 27. Ba7 Bd4 28. Rxb7 h6 29. Rfb1 Ra6 30. Rc7 Ra5 31. Bb6 Rb8 32. Rd7 Rxa3 33. Rxd4 cxd4 34. c5 Rc3 35. Rd1 e5 36. Bc7 Re8 37. Bd6 f6 38. Kf1 Rc2 39. Rb1 Ra8 40. f4 exf4 41. Rd1 Raa2 42. Rxd4 0-1

[Event "SixDays Budapest IM-A 10-2024"]
[Site "Budapest"]
[Date "2024.10.01"]
[Round "2.3"]
[White "Chubakov, Sultan"]
[Black "Zia, Tahsin Tajwar"]
[Result "1-0"]
[ECO "E10"]
[WhiteElo "2265"]
[BlackElo "2255"]
[Annotator "RC"]
[PlyCount "83"]
[EventDate "2024.09.24"]
[EventType "tourn"]
[EventCountry "HUN"]
[SourceTitle "playchess.com"]
[Source "ChessBase"]
[SourceQuality "1"]
[TimeControl "5400+30"]

1. d4 Nf6 2. c4 e6 3. Nf3 d5 4. g3 Bb4+ 5. Bd2 Be7 6. Bg2 Nbd7 7. Qc2 c6 8. O-O O-O 9. Bf4 a5 10. Rd1 h6 11. b3 a4 12. Nc3 a3 13. e4 dxe4 14. Nxe4 Nxe4 15. Qxe4 Qa5 16. Rac1 Nf6 17. Qe2 Bd7 18. Ne5 Be8 19. h4 Rd8 20. Rb1 Bb4 21. Qc2 Nh5 22. Be3 f5 23. Nd3 f4 24. Bxf4 Nxf4 25. Nxf4 Rxf4 26. gxf4 Qh5 27. Qe4 Bg6 28. Qxe6+ Kh8 29. Bf3 Qxf3 30. Qxg6 Rd6 31. Qg2 Qe2 32. Kh1 Qh5 33. Rd3 Qxh4+ 34. Qh2 Qe7 35. Rg1 Rg6 36. Re3 Qf6 37. Rxg6 Qxg6 38. Qg3 Qf7 39. Qg4 Bd6 40. f5 g5 41. fxg6 Qxf2 42. g7+ 1-0

[Event "SixDays Budapest IM-A 10-2024"]
[Site "Budapest"]
[Date "2024.10.01"]
[Round "2.4"]
[White "Pribelszky, Bence Daniel"]
[Black "Kwon, Sehyun"]
[Result "1-0"]
[ECO "C54"]
[WhiteElo "2408"]
[BlackElo "2248"]
[Annotator "RC"]
[PlyCount "65"]
[EventDate "2024.09.24"]
[EventType "tourn"]
[EventCountry "HUN"]
[SourceTitle "playchess.com"]
[Source "ChessBase"]
[SourceQuality "1"]
[TimeControl "5400+30"]

1. e4 e5 2. Nf3 Nc6 3. Bc4 Bc5 4. c3 Nf6 5. d3 a5 6. Nbd2 d6 7. O-O O-O 8. h3 Ba7 9. Re1 Ne7 10. Bb3 Ng6 11. d4 b5 12. a4 c6 13. Nf1 h6 14. Ng3 Qc7 15. Be3 Re8 16. Qd2 Be6 17. Bc2 Kh7 18. axb5 cxb5 19. Nf5 Bxf5 20. exf5 Nf8 21. Nh2 Kg8 22. Ng4 N8h7 23. Bb3 a4 24. Ba2 Qd7 25. dxe5 dxe5 26. Qxd7 Nxd7 27. Bd5 Bxe3 28. Bxa8 Rxa8 29. Rxe3 f6 30. Re4 Nb6 31. Rb4 Ra5 32. Ne3 Ng5 33. b3 1-0

[Event "SixDays Budapest IM-A 10-2024"]
[Site "Budapest"]
[Date "2024.10.01"]
[Round "2.5"]
[White "Kustar, Sandor"]
[Black "Polyik, Peter"]
[Result "1/2-1/2"]
[ECO "A09"]
[WhiteElo "2252"]
[BlackElo "2304"]
[Annotator "RC"]
[PlyCount "47"]
[EventDate "2024.09.24"]
[EventType "tourn"]
[EventCountry "HUN"]
[SourceTitle "playchess.com"]
[Source "ChessBase"]
[SourceQuality "1"]
[TimeControl "5400+30"]

1. Nf3 d5 2. c4 d4 3. g3 Nc6 4. Bg2 e5 5. O-O e4 6. Ne1 h5 7. d3 e3 8. fxe3 h4 9. Nf3 hxg3 10. hxg3 Bg4 11. exd4 Nxd4 12. Be3 Bc5 13. Qd2 Bxf3 14. exf3 Qd6 15. Nc3 Qxg3 16. Ne4 Qh2+ 17. Kf2 Qh4+ 18. Kg1 Qh2+ 19. Kf2 Qh4+ 20. Kg1 Bb4 21. Qd1 Nf5 22. Qa4+ c6 23. Qxb4 Nxe3 24. Qxb7 1/2-1/2

[Event "SixDays Budapest IM-A 10-2024"]
[Site "Budapest"]
[Date "2024.10.01"]
[Round "3.1"]
[White "Valkova, Angelika"]
[Black "Pribelszky, Bence Daniel"]
[Result "0-1"]
[ECO "A40"]
[WhiteElo "2068"]
[BlackElo "2408"]
[Annotator "RC"]
[PlyCount "48"]
[EventDate "2024.09.24"]
[EventType "tourn"]
[EventCountry "HUN"]
[SourceTitle "playchess.com"]
[Source "ChessBase"]
[SourceQuality "1"]
[TimeControl "5400+30"]

1. d4 g6 2. c4 Bg7 3. Nc3 c5 4. Nf3 cxd4 5. Nxd4 Nc6 6. Nxc6 bxc6 7. Qd2 Nf6 8. g3 Ba6 9. e4 O-O 10. Rb1 Rc8 11. b3 d5 12. cxd5 Bxf1 13. Kxf1 cxd5 14. e5 Ng4 15. Nxd5 Rc5 16. Ne3 Qa8 17. Ng2 Qe4 18. Ra1 Rc2 19. Qe1 Rxf2+ 20. Qxf2 Nxf2 21. Kxf2 Qc2+ 22. Kf3 Bxe5 23. Bh6 Bxa1 24. Bxf8 Kxf8 0-1

[Event "SixDays Budapest IM-A 10-2024"]
[Site "Budapest"]
[Date "2024.10.01"]
[Round "3.2"]
[White "Polyik, Peter"]
[Black "Pavan Karthikeya Varma Gunturi"]
[Result "1-0"]
[ECO "A15"]
[WhiteElo "2304"]
[BlackElo "2056"]
[Annotator "RC"]
[PlyCount "105"]
[EventDate "2024.09.24"]
[EventType "tourn"]
[EventCountry "HUN"]
[SourceTitle "playchess.com"]
[Source "ChessBase"]
[SourceQuality "1"]
[TimeControl "5400+30"]

1. c4 Nf6 2. g3 e6 3. Bg2 Nc6 4. Nf3 b6 5. O-O Bb7 6. d4 d5 7. cxd5 exd5 8. Nc3 Be7 9. Bf4 O-O 10. Rc1 a6 11. Ne5 Na7 12. Qb3 b5 13. Rfd1 Nc8 14. Na4 Nb6 15. Nc5 Qc8 16. Qc2 Nc4 17. b3 Bxc5 18. dxc5 Nxe5 19. Bxe5 Qe6 20. c6 Qxe5 21. cxb7 Rab8 22. Qxc7 Qe6 23. Rd2 Rfd8 24. Rdc2 Qe8 25. Qxb8 Rxb8 26. Rc8 Rxb7 27. Rxe8+ Nxe8 28. Bxd5 Re7 29. e3 g6 30. b4 Rc7 31. Rxc7 Nxc7 32. Bb7 Kg7 33. Kf1 Kf6 34. Ke2 Ke6 35. Kd3 Ke5 36. f4+ Kd6 37. e4 f6 38. Bc8 Kc6 39. Kd4 h6 40. a3 Kd6 41. e5+ fxe5+ 42. fxe5+ Ke7 43. Kc5 Kd8 44. Bh3 Ke7 45. Kb6 Nd5+ 46. Kxa6 Nc3 47. Bf1 Nb1 48. Bxb5 Nxa3 49. Bd3 Ke6 50. Ka5 Kxe5 51. Ka4 Kd4 52. Kxa3 Kxd3 53. b5 1-0

[Event "SixDays Budapest IM-A 10-2024"]
[Site "Budapest"]
[Date "2024.10.01"]
[Round "3.3"]
[White "Kwon, Sehyun"]
[Black "Kustar, Sandor"]
[Result "0-1"]
[ECO "B23"]
[WhiteElo "2248"]
[BlackElo "2252"]
[Annotator "RC"]
[PlyCount "86"]
[EventDate "2024.09.24"]
[EventType "tourn"]
[EventCountry "HUN"]
[SourceTitle "playchess.com"]
[Source "ChessBase"]
[SourceQuality "1"]
[TimeControl "5400+30"]

1. e4 c5 2. Nc3 a6 3. g3 g6 4. Nge2 Bg7 5. d4 cxd4 6. Nxd4 d6 7. Bg2 Nf6 8. O-O O-O 9. h3 Nc6 10. Nde2 Rb8 11. Be3 b5 12. a4 b4 13. Nd5 Nd7 14. Rb1 e6 15. Ndf4 Qc7 16. b3 Bb7 17. Qd2 Nc5 18. g4 Rfd8 19. Nd3 a5 20. Ng3 Rbc8 21. f4 Ba6 22. Rfd1 Nxd3 23. cxd3 Nd4 24. Qf2 e5 25. Bxd4 exd4 26. Rd2 Qc3 27. Bf1 Rc7 28. Rbb2 Qc5 29. Rbc2 Qb6 30. Rc4 Rc5 31. Bg2 Re8 32. Rdc2 Bxc4 33. dxc4 Qd8 34. Rd2 Qh4 35. Kh2 h5 36. gxh5 Bh6 37. hxg6 fxg6 38. Rxd4 Bxf4 39. e5 Rf8 40. Rxd6 Kg7 41. Be4 Bxg3+ 42. Qxg3 Qxe4 43. Rd7+ Kh6 0-1

[Event "SixDays Budapest IM-A 10-2024"]
[Site "Budapest"]
[Date "2024.10.01"]
[Round "3.4"]
[White "Zia, Tahsin Tajwar"]
[Black "Krishna C R G"]
[Result "0-1"]
[ECO "A05"]
[WhiteElo "2255"]
[BlackElo "2425"]
[Annotator "TA"]
[PlyCount "92"]
[EventDate "2024.09.24"]
[EventType "tourn"]
[EventCountry "HUN"]
[SourceTitle "playchess.com"]
[Source "ChessBase"]
[SourceQuality "1"]
[TimeControl "5400+30"]

1. Nf3 Nf6 2. c4 d6 3. d4 Nbd7 4. Nc3 e5 5. g3 c6 6. e4 Be7 7. Bg2 O-O 8. O-O a6 9. a4 a5 10. h3 Re8 11. Be3 Qc7 12. Qc2 Nf8 13. Rad1 Ng6 14. Nd2 Bf8 {[%emt 0:06:39] White is slightly better.} 15. d5 c5 ({Better is} 15... h5 $14) 16. Rde1 Bd7 17. Kh2 Qd8 18. Qd1 Qc8 19. Nb3 Be7 20. Nc1 h6 21. Nd3 Nh7 22. f4 exf4 23. gxf4 Bf6 24. Nb5 (24. Bf2 $16) 24... Bxb5 $14 25. axb5 a4 26. Bc1 Bd4 27. Qg4 {[%emt 0:04:27] [#]} (27. Re2 $11 {keeps the balance.}) 27... Qxg4 $1 $17 {[%emt 0:10:02] White is now going downhill.} 28. hxg4 Nf6 29. Kg3 {[%emt 0:00:38] [#]} a3 $1 {[%emt 0:00:33] Black has more active pieces.} 30. bxa3 Ra4 31. e5 dxe5 32. f5 (32. d6 $17 Rxc4 33. fxe5 (33. Bxb7 $2 {too greedy.} Rc3 $19) 33... Nxe5 34. d7 Nfxd7 (34... Nxd3 35. dxe8=Q+ Nxe8 36. Rxe8+ Kh7 37. Be4+ f5 38. Bxf5+ g6 39. Bxd3) 35. Bd5) 32... Nf8 $19 {[%emt 0:02:13] A dynamic duo of knights.} 33. d6 (33. Nf2 {keeps fighting.}) 33... Rxc4 {[%emt 0:01:29] aiming for ...Rc3.} 34. g5 hxg5 35. Bxg5 Rc3 $1 36. Bxf6 Rxd3+ (36... gxf6 37. Rf3 $19) 37. Rf3 Rxf3+ 38. Bxf3 gxf6 39. Bxb7 Rd8 40. a4 Bc3 41. Rc1 Bb4 {[%emt 0:00:02] Black is clearly winning.} 42. Ra1 Ba5 ({Not} 42... Rxd6 43. a5 Rd3+ 44. Kg2 $19) 43. Rc1 Nd7 44. Bc6 Nb6 {[%emt 0:00:17][%csl LRa4,LRd6] Threatens to win with ...c4.} 45. d7 (45. Rxc5 $142 Rxd6 (45... Nxa4 $2 46. Rd5 $19) 46. Rc1) 45... c4 (45... Nxa4 46. Ra1 Nb6 47. Rxa5 $11) 46. Kf3 Kf8 {[%emt 0:00:10] Weighted Error Value: White=0.36/Black=0.07 (flawless) .  Mistake:       	White=5     	Black=1      Inaccurate:     	White=5     	Black=3      OK:         	White=8     	Black=13     Best:        	---       	Black=8      Strong:       	---       	Black=1      Brilliant:      	---       	Black=1} 0-1

[Event "SixDays Budapest IM-A 10-2024"]
[Site "Budapest"]
[Date "2024.10.01"]
[Round "3.5"]
[White "Li, Xueyi"]
[Black "Chubakov, Sultan"]
[Result "1-0"]
[ECO "D10"]
[WhiteElo "2187"]
[BlackElo "2265"]
[Annotator "RC"]
[PlyCount "119"]
[EventDate "2024.09.24"]
[EventType "tourn"]
[EventCountry "HUN"]
[SourceTitle "playchess.com"]
[Source "ChessBase"]
[SourceQuality "1"]
[TimeControl "5400+30"]

1. d4 d5 2. c4 c6 3. cxd5 cxd5 4. Nc3 Nf6 5. Bf4 Nc6 6. e3 a6 7. Be2 Bf5 8. Nf3 e6 9. Qb3 Bd6 10. Bxd6 Qxd6 11. Qxb7 O-O 12. Qb3 Rab8 13. Qa4 Rxb2 14. O-O a5 15. Rfc1 Rc8 16. Qd1 Rbb8 17. Ba6 Rd8 18. Be2 Rdc8 19. Ba6 Rd8 20. Nb5 Qd7 21. Ne5 Nxe5 22. dxe5 Ne8 23. Nd4 Rb6 24. Bf1 a4 25. Rc3 Rdb8 26. Rac1 Bg6 27. h3 h6 28. Nc6 Ra8 29. Qd4 Rb7 30. Ra3 Rb1 31. Qc5 Rxc1 32. Qxc1 Qb7 33. Rc3 Bb1 34. a3 Ba2 35. Nd4 Qb8 36. Nc6 Qb7 37. Rc5 Qb6 38. Rb5 Qc7 39. Qc5 g6 40. Ne7+ Kg7 41. Qxc7 Nxc7 42. Rb7 Ne8 43. Nc6 Rc8 44. Bb5 Bb3 45. Nd4 Rc7 46. Rb8 Rc1+ 47. Kh2 Nc7 48. Rb7 Nxb5 49. Nxb5 Ra1 50. Nd6 Rxa3 51. Ne8+ Kf8 52. Nf6 h5 53. g4 hxg4 54. hxg4 g5 55. Rb8+ Kg7 56. Rg8+ Kh6 57. f4 Ra2+ 58. Kg3 gxf4+ 59. exf4 a3 60. g5# 1-0

[Event "SixDays Budapest IM-A 10-2024"]
[Site "Budapest"]
[Date "2024.10.02"]
[Round "4.1"]
[White "Kustar, Sandor"]
[Black "Valkova, Angelika"]
[Result "1/2-1/2"]
[ECO "D37"]
[WhiteElo "2252"]
[BlackElo "2068"]
[Annotator "TA"]
[PlyCount "51"]
[EventDate "2024.09.24"]
[EventType "tourn"]
[EventCountry "HUN"]
[SourceTitle "playchess.com"]
[Source "ChessBase"]
[SourceQuality "1"]
[TimeControl "5400+30"]

1. c4 e6 2. Nf3 d5 3. d4 Nf6 4. Nc3 a6 5. cxd5 exd5 6. Bg5 Be6 7. e3 Nbd7 8. Bd3 {[%emt 0:04:26] White is slightly better.} Bd6 9. O-O c6 10. Bf4 Qc7 11. Bxd6 Qxd6 12. Qc2 O-O 13. Rae1 Rfe8 14. Nd2 Ng4 15. f4 {[%emt 0:05:09][%cal Oh2h3] aiming for h3!} g6 16. h3 Nh6 17. g4 Nf8 (17... c5 $11) 18. Nf3 $14 Kh8 19. Qd2 {[%emt 0:05:52] White is more active.} Rad8 {[%emt 0:07:52] [#]} (19... Qe7 $14) 20. Bb1 ({White should try} 20. e4 $1 $16 {[%cal Re4e5] Black must now prevent e5.} f5 21. e5) 20... Bc8 (20... Nd7 $14) 21. e4 $16 dxe4 22. Nxe4 Qc7 {[%emt 0:00:45] [#]} 23. Nc3 $2 ({White should play} 23. f5 $1 $18 Ng8 24. Nfg5) 23... Rxe1 $11 24. Rxe1 Ne6 25. Ne2 $1 {[%emt 0:01:35] f5 is the strong threat.} Ng8 26. Qe3 {[%emt 0:00:43] Weighted Error Value: White=0.24 (precise) /Black=0.18 (very precise) .  Mistake:       	White=2     	Black=3      Inaccurate:     	White=1     	Black=1      OK:         	White=7     	Black=6      Best:        	White=1     	---        Strong:       	White=1     	---} 1/2-1/2